[Event "45th FIDE Womens Olympiad 2024"]
[Site "Budapest"]
[Date "2024.09.12"]
[Round "2.149"]
[White "Mayorga Araya, Sofia"]
[Black "Narva, Mai"]
[Result "0-1"]
[ECO "C75"]
[WhiteElo "2059"]
[BlackElo "2420"]
[Annotator "TA"]
[PlyCount "76"]
[EventDate "2024.09.05"]
[EventType "team-tourn"]
[EventCountry "HUN"]
[SourceTitle "playchess.com"]
[Source "ChessBase"]
[SourceQuality "1"]
[WhiteTeam "Costa Rica"]
[BlackTeam "Estonia"]
[WhiteTeamCountry "CRI"]
[BlackTeamCountry "EST"]
[TimeControl "40/5400+30:1800+30"]

1. e4 e5 2. Nf3 Nc6 3. Bb5 a6 4. Ba4 d6 5. c3 Bd7 6. O-O Nge7 7. d4 Ng6 8. Re1 Be7 9. Nbd2 O-O 10. Nf1 exd4 11. cxd4 Bg4 {[#] Hoping for ...Nh4.} 12. Bxc6 bxc6 13. h3 {White is slightly better.} Bd7 14. Be3 f5 15. exf5 Bxf5 16. Ng3 Be6 17. Ng5 Bxg5 18. Bxg5 Qxg5 19. Rxe6 Nf4 20. Re3 h5 {[#] Strongly threatening ...h4.} 21. Qf1 $1 h4 22. Ne2 Nd5 23. Re4 Rae8 $36 {[%mdl 2048] White is under pressure.} (23... Rab8 {simplifies} 24. b3 Rbe8 25. Rxe8 Rxe8 26. Kh1 Rf8) 24. Rg4 {[%mdl 8192] This move loses the game for White.} ({Better is} 24. Rxe8 $15 Rxe8 25. Qd1) 24... Qd2 $19 25. Nc3 Ne3 ({And not} 25... Qxb2 26. Nxd5 cxd5 27. Rc1 $15) 26. fxe3 Qxe3+ 27. Kh1 Rxf1+ {Black is clearly winning.} 28. Rxf1 Rf8 29. Rd1 d5 {Inhibits Re4.} 30. Rxh4 Rf2 31. Rg4 Rxb2 32. Na4 Rxa2 33. Nc5 a5 34. Nd7 Re2 {Threatens to win with ...Re1+.} 35. Rb1 Re1+ 36. Rxe1 Qxe1+ 37. Kh2 a4 {And now ...a3 would win.} 38. Rg3 Qb4 {Weighted Error Value: White=0.80/Black=0.02 (flawless) .  Loses game:     	White=1     	---        Inaccurate:     	White=3     	Black=1      OK:         	White=8     	Black=14     Best:        	White=1     	---        Strong:       	White=1     	---} 0-1

[Event "45th FIDE Womens Olympiad 2024"]
[Site "Budapest"]
[Date "2024.09.12"]
[Round "2.150"]
[White "Olde, Margareth"]
[Black "Rodriguez Arrieta, Maria Elena"]
[Result "1-0"]
[ECO "E11"]
[WhiteElo "2135"]
[BlackElo "1941"]
[Annotator "NA"]
[PlyCount "105"]
[EventDate "2024.09.05"]
[EventType "team-tourn"]
[EventCountry "HUN"]
[SourceTitle "playchess.com"]
[Source "ChessBase"]
[SourceQuality "1"]
[WhiteTeam "Estonia"]
[BlackTeam "Costa Rica"]
[WhiteTeamCountry "EST"]
[BlackTeamCountry "CRI"]
[TimeControl "40/5400+30:1800+30"]

1. d4 Nf6 2. Nf3 e6 3. c4 Bb4+ 4. Nbd2 O-O 5. a3 Bxd2+ 6. Qxd2 d6 7. e3 Qe7 8. Be2 Nbd7 9. O-O e5 10. Qc2 a5 11. b3 e4 12. Nd2 Re8 13. Bb2 c6 14. Rae1 Nf8 15. f3 d5 16. fxe4 Nxe4 17. cxd5 Nxd2 18. Qxd2 cxd5 19. Bf3 Qg5 20. Qf2 Ng6 21. Bc1 Qd8 22. e4 dxe4 23. Bxe4 Rf8 24. a4 Qd6 25. h4 Ra6 26. h5 Ne7 27. h6 g6 28. Bf4 Qb4 29. Be5 f6 30. Bd3 Rc6 31. Bb5 Rc3 32. Bf4 Nd5 33. Bd2 Qxb3 34. Bxc3 Qxc3 35. Rc1 Qb4 36. Rc4 Qd6 37. Rc5 Be6 38. Bc4 b6 39. Rb5 Nc7 40. Bxe6+ Qxe6 41. Rb2 Nd5 42. Qe2 Qxe2 43. Rxe2 Nc3 44. Re7 Rf7 45. Rfe1 Nxa4 46. d5 Nc5 47. d6 b5 48. Rxf7 Kxf7 49. Re7+ Kf8 50. Rxh7 b4 51. Rh8+ Kf7 52. Rb8 g5 53. h7 1-0

[Event "45th FIDE Womens Olympiad 2024"]
[Site "Budapest"]
[Date "2024.09.12"]
[Round "2.151"]
[White "Acevedo Mendez, Jennifer"]
[Black "Blokhin, Sofia"]
[Result "0-1"]
[ECO "B41"]
[WhiteElo "1836"]
[BlackElo "2036"]
[Annotator "NA"]
[PlyCount "88"]
[EventDate "2024.09.05"]
[EventType "team-tourn"]
[EventCountry "HUN"]
[SourceTitle "playchess.com"]
[Source "ChessBase"]
[SourceQuality "1"]
[WhiteTeam "Costa Rica"]
[BlackTeam "Estonia"]
[WhiteTeamCountry "CRI"]
[BlackTeamCountry "EST"]
[TimeControl "40/5400+30:1800+30"]

1. e4 c5 2. Nf3 e6 3. d4 cxd4 4. Nxd4 a6 5. c4 Nf6 6. Nc3 Bb4 7. Qd3 Qc7 8. a3 Bxc3+ 9. Qxc3 O-O 10. Bd3 Nc6 11. O-O Ne5 12. Bf4 d6 13. Bxe5 dxe5 14. Nf3 Nd7 15. Rfe1 b6 16. Rac1 Bb7 17. Bb1 Rac8 18. Re3 Rfd8 19. h4 f6 20. b4 Nb8 21. Qb3 Qe7 22. Rd3 Rxd3 23. Qxd3 Rd8 24. Qe3 Qc7 25. c5 bxc5 26. Rxc5 Qd6 27. Ba2 Nd7 28. Rc1 Nf8 29. h5 Qd3 30. Qb6 Bxe4 31. Bxe6+ Kh8 32. Bc4 Qd7 33. Bxa6 Bxf3 34. gxf3 Ne6 35. Bb5 Qe7 36. Ba6 f5 37. Qe3 Nf4 38. Bf1 Qg5+ 39. Kh2 Qxh5+ 40. Kg1 Qg5+ 41. Kh2 h6 42. b5 Qh4+ 43. Kg1 Rd6 44. Rc6 Rd1 0-1

[Event "45th FIDE Womens Olympiad 2024"]
[Site "Budapest"]
[Date "2024.09.12"]
[Round "2.152"]
[White "Olde, Grete"]
[Black "Bogantes Robleto, Karina"]
[Result "1/2-1/2"]
[ECO "B31"]
[WhiteElo "1952"]
[BlackElo "1766"]
[Annotator "NA"]
[PlyCount "79"]
[EventDate "2024.09.05"]
[EventType "team-tourn"]
[EventCountry "HUN"]
[SourceTitle "playchess.com"]
[Source "ChessBase"]
[SourceQuality "1"]
[WhiteTeam "Estonia"]
[BlackTeam "Costa Rica"]
[WhiteTeamCountry "EST"]
[BlackTeamCountry "CRI"]
[TimeControl "40/5400+30:1800+30"]

1. e4 c5 2. Nf3 Nc6 3. Bb5 g6 4. Bxc6 dxc6 5. d3 Bg7 6. h3 Nf6 7. Nc3 Nd7 8. Be3 e5 9. Qd2 h6 10. Nh2 b6 11. O-O-O Nf8 12. f4 exf4 13. Bxf4 Ne6 14. Be3 Nd4 15. Rde1 Be6 16. Ng4 g5 17. e5 Bxg4 18. hxg4 Qe7 19. Bxd4 cxd4 20. Ne4 O-O 21. Ng3 Qe6 22. Kb1 Qxg4 23. Re4 Qe6 24. Qf2 f5 25. exf6 Qxf6 26. Qxf6 Rxf6 27. Rxd4 Raf8 28. Rd7 R6f7 29. Rxf7 Rxf7 30. Ne4 Rf5 31. c3 Kf8 32. Re1 Be5 33. d4 Bc7 34. Kc2 Kf7 35. Re2 h5 36. Nf2 g4 37. Kd3 Bg3 38. Ne4 Bc7 39. Nf2 Bg3 40. Ne4 1/2-1/2

[Event "45th FIDE Womens Olympiad 2024"]
[Site "Budapest"]
[Date "2024.09.12"]
[Round "2.153"]
[White "Cori T., Deysi"]
[Black "Smith, Olivia"]
[Result "1-0"]
[ECO "A49"]
[WhiteElo "2366"]
[BlackElo "2087"]
[Annotator "TA"]
[PlyCount "81"]
[EventDate "2024.09.05"]
[EventType "team-tourn"]
[EventCountry "HUN"]
[SourceTitle "playchess.com"]
[Source "ChessBase"]
[SourceQuality "1"]
[WhiteTeam "Peru"]
[BlackTeam "Wales"]
[WhiteTeamCountry "PER"]
[BlackTeamCountry "WLS"]
[TimeControl "40/5400+30:1800+30"]

1. Nf3 Nf6 2. g3 g6 3. Bg2 Bg7 4. O-O O-O 5. d4 d6 6. a4 Nc6 7. d5 Nb4 8. Nc3 a5 {The position is equal.} 9. Bg5 h6 10. Be3 (10. Bf4 $11) 10... Bf5 ({Better is} 10... c6 $17 11. Qd2 Kh7 (11... Nbxd5 12. Bxh6 Nxc3 13. bxc3 $15) 12. dxc6 bxc6) 11. Nd4 $11 Bd7 12. h3 {Against Ng4} (12. Bd2 $15 {is superior.}) 12... c6 $17 13. dxc6 bxc6 14. Qd2 Kh7 15. f4 Nfd5 (15... Qc8 $17 {[%cal Oc6c5] ...c5! would now be deadly.} 16. g4 c5) 16. Nxd5 $11 Nxd5 17. Bf2 e5 (17... Qc8 $15 18. Kh2 f5) 18. Nxc6 Bxc6 $15 19. Bxd5 Bxd5 20. Qxd5 exf4 21. gxf4 Qc8 22. Qd3 Bxb2 (22... Rb8 $5 23. Rab1 Bxb2 $15 (23... Rxb2 24. Rxb2 Bxb2 25. c4 $11)) 23. Rab1 Bc3 24. Rb5 Bb4 25. f5 Qc6 26. Rb6 Qc7 $1 27. Qd5 Rab8 28. Rc6 {[#] Intending fxg6+ and mate.} Qe7 29. Bd4 Bc5 30. Bxc5 dxc5 31. fxg6+ (31. e4 {looks sharper.} Rbd8 32. Qxc5 Qg5+ 33. Kh1) 31... fxg6 32. Rxf8 (32. Qxc5 Qxc5+ 33. Rxc5 Rfe8) 32... Rxf8 33. Qxc5 Qxc5+ 34. Rxc5 $11 {[%mdl 4096] Endgame. KR-KR} Rf4 (34... g5 $14) 35. Rxa5 $16 {[#] aiming for Ra7+.} Rc4 $2 {[%mdl 8192] Black cannot hold the game after this.} (35... g5 $16) 36. Ra7+ $18 Kg8 37. a5 Rxc2 38. Kf2 Rc3 (38... Kf8 $142 39. a6 Ra2) 39. a6 Rxh3 40. Rb7 Ra3 41. a7 {Weighted Error Value: White=0.11 (very precise) /Black=0.42.  Loses game:     	---       	Black=1      Mistake:       	White=3     	Black=4      Inaccurate:     	White=1     	Black=3      OK:         	White=13    	Black=7      Best:        	White=2     	---        Strong:       	---       	Black=1} 1-0

[Event "45th FIDE Womens Olympiad 2024"]
[Site "Budapest"]
[Date "2024.09.12"]
[Round "2.154"]
[White "Camp, Imogen A L"]
[Black "Contreras Huaman, Fiorella"]
[Result "1/2-1/2"]
[ECO "D31"]
[WhiteElo "1923"]
[BlackElo "2168"]
[Annotator "ChessBase"]
[PlyCount "117"]
[EventDate "2024.09.05"]
[EventType "team-tourn"]
[EventCountry "HUN"]
[SourceTitle "playchess.com"]
[Source "ChessBase"]
[SourceQuality "1"]
[WhiteTeam "Wales"]
[BlackTeam "Peru"]
[WhiteTeamCountry "WLS"]
[BlackTeamCountry "PER"]
[TimeControl "40/5400+30:1800+30"]

1. d4 d5 2. c4 e6 3. Nc3 a6 4. cxd5 exd5 5. Bf4 Nf6 6. e3 c6 7. Bd3 Bd6 8. Bxd6 Qxd6 9. Qc2 O-O 10. Nf3 Be6 11. O-O Nbd7 12. Rfc1 g6 13. Na4 Qe7 14. Rab1 Ne8 15. b4 Nd6 16. Nc5 Rfc8 17. a4 Bg4 18. Nd2 Nf6 19. a5 Kg7 20. Re1 Bf5 21. f3 Bxd3 22. Qxd3 Nb5 23. Rbd1 Re8 24. Nb1 Rad8 25. Nc3 Nxc3 26. Qxc3 Qc7 27. e4 dxe4 28. fxe4 Re7 29. Qf3 Nd7 30. Nd3 Qd6 31. Nc5 Nxc5 32. bxc5 Qf6 33. Qxf6+ Kxf6 34. Kf2 Red7 35. Ke3 Ke6 36. Re2 f5 37. e5 g5 38. Red2 Kd5 39. Kd3 f4 40. Re1 Re8 41. Rde2 Re6 42. Rf2 Rf7 43. Re4 Rh6 44. h3 Ke6 45. Re1 f3 46. Re3 fxg2 47. Rxg2 Rh5 48. Rb2 Rh4 49. Kc4 Rd7 50. Rd3 Rf4 51. Rg2 h6 52. Re2 Rf1 53. Ree3 Rdf7 54. Rb3 Rd7 55. Rf3 Rc1+ 56. Rbc3 Ra1 57. Ra3 Rc1+ 58. Rac3 Ra1 59. Ra3 1/2-1/2

[Event "45th FIDE Womens Olympiad 2024"]
[Site "Budapest"]
[Date "2024.09.12"]
[Round "2.155"]
[White "Garcia Andrada, Heidy Nicole"]
[Black "Smith, Lynda"]
[Result "1-0"]
[ECO "A36"]
[WhiteElo "2003"]
[BlackElo "1831"]
[Annotator "NA"]
[PlyCount "109"]
[EventDate "2024.09.05"]
[EventType "team-tourn"]
[EventCountry "HUN"]
[SourceTitle "playchess.com"]
[Source "ChessBase"]
[SourceQuality "1"]
[WhiteTeam "Peru"]
[BlackTeam "Wales"]
[WhiteTeamCountry "PER"]
[BlackTeamCountry "WLS"]
[TimeControl "40/5400+30:1800+30"]

1. e4 c5 2. c4 Nc6 3. Nc3 g6 4. g3 Bg7 5. Bg2 d6 6. Nge2 Nf6 7. h3 O-O 8. O-O Bd7 9. Rb1 Qc8 10. Kh2 Nd4 11. d3 Rb8 12. Nxd4 cxd4 13. Ne2 e5 14. b4 b5 15. cxb5 Bxb5 16. a4 Bd7 17. f4 Qa6 18. b5 Qb6 19. Ba3 Rfc8 20. Qd2 Ne8 21. f5 d5 22. fxg6 Qxg6 23. exd5 Bh6 24. Qd1 Bf5 25. Rb3 Nf6 26. Bf3 Rd8 27. g4 Bc8 28. Be7 Nxd5 29. Bxd8 Ne3 30. Qe1 Qd6 31. Be4 Nxf1+ 32. Qxf1 Qxd8 33. Ng3 Bf4 34. Kg2 Be6 35. Rb2 Rc8 36. Nh5 Rc1 37. Qf3 Bg5 38. Bf5 Bd5 39. Be4 Be6 40. Bf5 Bd5 41. Be4 Be6 42. Qg3 Qc7 43. Re2 Rc2 44. Qf2 Rxe2 45. Qxe2 Qc1 46. a5 Be3 47. h4 Kf8 48. b6 axb6 49. axb6 Qg1+ 50. Kh3 Bxg4+ 51. Qxg4 Qf1+ 52. Qg2 Qb1 53. Qg7+ Ke7 54. Qxe5+ Kf8 55. Qd6+ 1-0

[Event "45th FIDE Womens Olympiad 2024"]
[Site "Budapest"]
[Date "2024.09.12"]
[Round "2.156"]
[White "Chong, Kimberly"]
[Black "Hilario, Aleyla"]
[Result "0-1"]
[ECO "C02"]
[WhiteElo "1779"]
[BlackElo "1993"]
[Annotator "NA"]
[PlyCount "80"]
[EventDate "2024.09.05"]
[EventType "team-tourn"]
[EventCountry "HUN"]
[SourceTitle "playchess.com"]
[Source "ChessBase"]
[SourceQuality "1"]
[WhiteTeam "Wales"]
[BlackTeam "Peru"]
[WhiteTeamCountry "WLS"]
[BlackTeamCountry "PER"]
[TimeControl "40/5400+30:1800+30"]

1. e4 e6 2. d4 d5 3. e5 c5 4. c3 Nc6 5. Nf3 Qb6 6. Be2 Nh6 7. O-O cxd4 8. cxd4 Nf5 9. Nc3 Nfxd4 10. Nxd4 Qxd4 11. Qxd4 Nxd4 12. Bb5+ Nc6 13. Be3 Bd7 14. Bxc6 Bxc6 15. f4 Be7 16. g4 f6 17. Bd4 h5 18. exf6 Bxf6 19. Bxf6 gxf6 20. g5 h4 21. Rfe1 Kf7 22. gxf6 Rag8+ 23. Kf2 Rg4 24. Ne2 Rhg8 25. Rg1 Kxf6 26. Rxg4 Rxg4 27. Kf3 Rg7 28. Nd4 e5 29. fxe5+ Kxe5 30. Nxc6+ bxc6 31. Re1+ Kd6 32. b4 Rf7+ 33. Ke3 Re7+ 34. Kd2 Rxe1 35. Kxe1 Ke5 36. Kd2 Kd4 37. Kc2 Kc4 38. a3 a6 39. Kb2 Kd3 40. Kb3 d4 0-1

[Event "45th FIDE Womens Olympiad 2024"]
[Site "Budapest"]
[Date "2024.09.12"]
[Round "2.157"]
[White "Antonova, Nadezhda"]
[Black "Cvitan, Ena"]
[Result "1/2-1/2"]
[ECO "A11"]
[WhiteElo "1967"]
[BlackElo "2259"]
[Annotator "ChessBase"]
[PlyCount "135"]
[EventDate "2024.09.05"]
[EventType "team-tourn"]
[EventCountry "HUN"]
[SourceTitle "playchess.com"]
[Source "ChessBase"]
[SourceQuality "1"]
[WhiteTeam "Tajikistan"]
[BlackTeam "Croatia"]
[WhiteTeamCountry "TJK"]
[BlackTeamCountry "CRO"]
[TimeControl "40/5400+30:1800+30"]

1. Nf3 d5 2. e3 Bg4 3. c4 c6 4. cxd5 Bxf3 5. Qxf3 cxd5 6. Nc3 Nf6 7. d4 Nc6 8. Bd3 a6 9. O-O e6 10. Bd2 Bd6 11. Rfc1 O-O 12. Qd1 Rc8 13. Be1 Ne4 14. Nxe4 dxe4 15. Bxe4 Bxh2+ 16. Kf1 Bd6 17. Qd3 Qh4 18. g3 Qh2 19. Qb3 Rc7 20. Rc2 Rfc8 21. Rac1 Qh5 22. Kg1 h6 23. Kg2 Qg4 24. Qd3 h5 25. Bf3 Qg5 26. Bd2 h4 27. Be1 hxg3 28. Bxc6 gxf2+ 29. Kxf2 Rxc6 30. Rxc6 Rxc6 31. Rxc6 Qg3+ 32. Ke2 Qg2+ 33. Bf2 bxc6 34. e4 Be7 35. Ke1 Qh1+ 36. Ke2 Qh5+ 37. Kf1 Qb5 38. Qe2 Kf8 39. b3 Bd6 40. Qc4 f5 41. Ke2 fxe4 42. Qxb5 cxb5 43. Ke3 g5 44. Kxe4 Ke7 45. d5 Kd7 46. a4 b4 47. Kd4 g4 48. Ke4 Bh2 49. Bc5 exd5+ 50. Kxd5 a5 51. Ke4 Kc6 52. Bd4 Bc7 53. Be3 g3 54. Kf3 Kd5 55. Bg1 g2 56. Bf2 Bd8 57. Bg1 Ke5 58. Bf2 Kf5 59. Be3 Bc7 60. Bg1 Ke5 61. Bf2 Kd5 62. Bg1 Be5 63. Kxg2 Bd4 64. Bh2 Bb6 65. Kf3 Kd4 66. Bg1+ Kc3 67. Bxb6 Kxb3 68. Bxa5 1/2-1/2

[Event "45th FIDE Womens Olympiad 2024"]
[Site "Budapest"]
[Date "2024.09.12"]
[Round "2.158"]
[White "Berke, Ana"]
[Black "Saidova, Rukhshona"]
[Result "1/2-1/2"]
[ECO "A06"]
[WhiteElo "2093"]
[BlackElo "1873"]
[Annotator "NA"]
[PlyCount "139"]
[EventDate "2024.09.05"]
[EventType "team-tourn"]
[EventCountry "HUN"]
[SourceTitle "playchess.com"]
[Source "ChessBase"]
[SourceQuality "1"]
[WhiteTeam "Croatia"]
[BlackTeam "Tajikistan"]
[WhiteTeamCountry "CRO"]
[BlackTeamCountry "TJK"]
[TimeControl "40/5400+30:1800+30"]

1. b3 d5 2. Nf3 c5 3. Bb2 Nc6 4. e3 Nf6 5. Bb5 Bg4 6. h3 Bf5 7. O-O Rc8 8. d3 e6 9. Nbd2 Bd6 10. Qe2 Bb8 11. e4 Bg6 12. Ne5 Bxe5 13. Bxe5 O-O 14. Bxc6 Rxc6 15. f4 h6 16. Rf2 Nd7 17. Bb2 f5 18. exd5 exd5 19. Re1 Re8 20. Qf1 Rce6 21. Rfe2 Rxe2 22. Rxe2 Bh5 23. Rxe8+ Qxe8 24. d4 Qe3+ 25. Qf2 Qe7 26. dxc5 Qxc5 27. Qxc5 Nxc5 28. Nf1 Bf7 29. Kf2 g5 30. Ke3 Ne6 31. Be5 gxf4+ 32. Kd3 Kh7 33. Nd2 Bh5 34. a4 Bd1 35. a5 b6 36. b4 bxa5 37. b5 Nc5+ 38. Kd4 Nd7 39. Bxf4 Be2 40. Kxd5 Bxb5 41. c4 Nb6+ 42. Kd4 Bc6 43. g3 a4 44. Kc5 Bg2 45. h4 a3 46. Kb4 a2 47. Be5 Kg6 48. Kb3 Nd7 49. Bd4 Kh5 50. Kxa2 Kg4 51. Bf2 a6 52. Kb3 Nf6 53. c5 Bd5+ 54. Kc3 f4 55. gxf4 Kxf4 56. Kd4 Bc6 57. Nc4 Ng4 58. Be1 Nh2 59. Bd2+ Kf5 60. Ne5 Bb7 61. Bxh6 Nf1 62. c6 Bc8 63. Bc1 Ng3 64. Kd5 Be6+ 65. Kc5 Kxe5 66. Kb6 Kd5 67. Kxa6 Kxc6 68. Bg5 Ne4 69. Ka5 Nxg5 70. hxg5 1/2-1/2

[Event "45th FIDE Womens Olympiad 2024"]
[Site "Budapest"]
[Date "2024.09.12"]
[Round "2.159"]
[White "Tolibova, Dilola"]
[Black "Ivekovic, Tihana"]
[Result "0-1"]
[ECO "C50"]
[WhiteElo "1831"]
[BlackElo "2143"]
[Annotator "NA"]
[PlyCount "64"]
[EventDate "2024.09.05"]
[EventType "team-tourn"]
[EventCountry "HUN"]
[SourceTitle "playchess.com"]
[Source "ChessBase"]
[SourceQuality "1"]
[WhiteTeam "Tajikistan"]
[BlackTeam "Croatia"]
[WhiteTeamCountry "TJK"]
[BlackTeamCountry "CRO"]
[TimeControl "40/5400+30:1800+30"]

1. e4 e5 2. Nf3 Nc6 3. Bc4 Nf6 4. d3 Bc5 5. Nc3 d6 6. h3 a6 7. a3 h6 8. Bd2 Qe7 9. Qe2 Be6 10. Nd5 Bxd5 11. exd5 Nd4 12. Nxd4 Bxd4 13. c3 Ba7 14. Be3 Bxe3 15. Qxe3 O-O 16. O-O Rfe8 17. Rae1 Qd7 18. Qf3 Nh7 19. g4 Rf8 20. Qe3 Rae8 21. Qa7 Qc8 22. Qe3 f5 23. f3 h5 24. Qe2 Qd8 25. Bb3 Qh4 26. Kg2 Ng5 27. Rh1 e4 28. dxe4 fxe4 29. fxe4 Rxe4 30. Qd2 Rxg4+ 31. hxg4 Qxg4+ 32. Kh2 Nf3# 0-1

[Event "45th FIDE Womens Olympiad 2024"]
[Site "Budapest"]
[Date "2024.09.12"]
[Round "2.160"]
[White "Vujnovic, Patricija"]
[Black "Mashabova, Shukrona"]
[Result "1-0"]
[ECO "D00"]
[WhiteElo "2134"]
[BlackElo "1711"]
[Annotator "NA"]
[PlyCount "121"]
[EventDate "2024.09.05"]
[EventType "team-tourn"]
[EventCountry "HUN"]
[SourceTitle "playchess.com"]
[Source "ChessBase"]
[SourceQuality "1"]
[WhiteTeam "Croatia"]
[BlackTeam "Tajikistan"]
[WhiteTeamCountry "CRO"]
[BlackTeamCountry "TJK"]
[TimeControl "40/5400+30:1800+30"]

1. d4 d5 2. e3 Nf6 3. Bd3 Bg4 4. f3 Bh5 5. Ne2 Nbd7 6. c4 e5 7. cxd5 Nxd5 8. O-O Bd6 9. Nbc3 N5f6 10. Nb5 Be7 11. Ng3 Bg6 12. Nf5 Bxf5 13. Bxf5 a6 14. Nc3 O-O 15. d5 Nb6 16. e4 Nc4 17. Qe2 Bc5+ 18. Kh1 Nd6 19. Bh3 Nd7 20. f4 Bd4 21. Bxd7 Qxd7 22. fxe5 Bxe5 23. Bf4 Rae8 24. Bxe5 Rxe5 25. Qd3 Qg4 26. Qf3 Qxf3 27. gxf3 Rfe8 28. Rac1 R5e7 29. Na4 f5 30. Nc5 fxe4 31. fxe4 c6 32. dxc6 bxc6 33. Nxa6 Nxe4 34. Rxc6 Nd2 35. Rf2 Re1+ 36. Kg2 Ne4 37. Rfc2 Nf6 38. Rc8 Rxc8 39. Rxc8+ Kf7 40. Rc2 Nd5 41. Rd2 Nf4+ 42. Kf3 Rf1+ 43. Ke4 Ne6 44. Ke3 Re1+ 45. Kf2 Rh1 46. Kg2 Rb1 47. Nb4 g5 48. Nd5 h5 49. h3 Nc5 50. Nc3 Rc1 51. Nd5 Ke6 52. Ne3 Ne4 53. Rd1 Rxd1 54. Nxd1 Kd5 55. Nc3+ Kd4 56. Nxe4 Kxe4 57. b4 Kd5 58. a4 Kc6 59. Kf3 Kb6 60. Ke4 Kc6 61. Kf5 1-0

[Event "45th FIDE Womens Olympiad 2024"]
[Site "Budapest"]
[Date "2024.09.12"]
[Round "2.165"]
[White "Ollet, Myra"]
[Black "Clarke, Adani"]
[Result "0-1"]
[ECO "D05"]
[WhiteElo "1658"]
[BlackElo "1919"]
[Annotator "NA"]
[PlyCount "116"]
[EventDate "2024.09.05"]
[EventType "team-tourn"]
[EventCountry "HUN"]
[SourceTitle "playchess.com"]
[Source "ChessBase"]
[SourceQuality "1"]
[WhiteTeam "Guam"]
[BlackTeam "Jamaica"]
[WhiteTeamCountry "GMA"]
[BlackTeamCountry "JAM"]
[TimeControl "40/5400+30:1800+30"]

1. d4 e6 2. Nf3 Nf6 3. c3 d5 4. Nbd2 c5 5. e3 Bd6 6. Be2 O-O 7. O-O Qc7 8. h3 b6 9. b3 Ba6 10. Bb2 Bxe2 11. Qxe2 Nc6 12. Rac1 Qb7 13. e4 Bf4 14. Rcd1 cxd4 15. g3 Bxd2 16. Nxd2 dxc3 17. Bxc3 Qe7 18. e5 Nd7 19. Nf3 Nc5 20. Nd4 Rfc8 21. Nb5 Ne4 22. Bb2 a6 23. Ba3 Qg5 24. Nd6 Nxd6 25. Bxd6 Na5 26. Kg2 Nb7 27. f4 Qf5 28. Bb4 Rc2 29. Rd2 Rac8 30. g4 Rxd2 31. Bxd2 Qe4+ 32. Qxe4 dxe4 33. Rc1 Rxc1 34. Bxc1 f5 35. b4 Kf7 36. Be3 b5 37. Bb6 Ke7 38. g5 Kd7 39. Kf2 Kc6 40. Bd4 Kd5 41. Ke3 Kc4 42. a3 Kb3 43. Bc5 Kxa3 44. Be7 Kb3 45. h4 Kc4 46. h5 g6 47. hxg6 hxg6 48. Bd6 Nd8 49. Kd2 Nc6 50. Bc5 Nxb4 51. Be3 a5 52. Kc1 Nd5 53. Bd2 b4 54. Kb2 a4 55. Kc2 a3 56. Kb1 b3 57. Ka1 b2+ 58. Ka2 Nc3+ 0-1

[Event "45th FIDE Womens Olympiad 2024"]
[Site "Budapest"]
[Date "2024.09.12"]
[Round "2.166"]
[White "Miller, Rachel"]
[Black "Ramas, Carmina Jasmine"]
[Result "1-0"]
[ECO "B08"]
[WhiteElo "1912"]
[BlackElo "1712"]
[Annotator "NA"]
[PlyCount "107"]
[EventDate "2024.09.05"]
[EventType "team-tourn"]
[EventCountry "HUN"]
[SourceTitle "playchess.com"]
[Source "ChessBase"]
[SourceQuality "1"]
[WhiteTeam "Jamaica"]
[BlackTeam "Guam"]
[WhiteTeamCountry "JAM"]
[BlackTeamCountry "GMA"]
[TimeControl "40/5400+30:1800+30"]

1. e4 d6 2. d4 Nf6 3. Nc3 g6 4. Be3 Bg7 5. Qd2 c6 6. Nf3 Qc7 7. h3 Nbd7 8. Bh6 O-O 9. Bd3 e5 10. dxe5 dxe5 11. Bxg7 Kxg7 12. Qg5 h6 13. Qe3 a5 14. a4 Re8 15. g4 Qb6 16. Qxb6 Nxb6 17. Nd2 Be6 18. Rb1 Ra7 19. O-O g5 20. b3 Ng8 21. Nd1 Ne7 22. Ne3 Ng6 23. Ndc4 Nd7 24. Nd6 Rf8 25. Rfd1 Nf4 26. Bf1 Nc5 27. f3 b6 28. Nec4 Bxc4 29. Nxc4 Nd7 30. Rd6 b5 31. Ne3 Nf6 32. Nf5+ Kg6 33. Rxc6 Rd8 34. axb5 Rad7 35. Ne3 Kg7 36. b6 Rb7 37. Rd1 Rxd1 38. Nxd1 Nd7 39. Rc7 Rxc7 40. bxc7 Nb6 41. Ba6 Nxh3+ 42. Kf1 Nf4 43. c8=Q Nxc8 44. Bxc8 Ng6 45. Nb2 Kf8 46. Nc4 f6 47. Nxa5 Ke7 48. Nb7 Nh8 49. b4 Nf7 50. b5 Nd6 51. Nxd6 Kxd6 52. b6 Kc6 53. b7 Kc7 54. c4 1-0

[Event "45th FIDE Womens Olympiad 2024"]
[Site "Budapest"]
[Date "2024.09.12"]
[Round "2.167"]
[White "Benzon, Tiffany"]
[Black "Brown, Raehanna"]
[Result "0-1"]
[ECO "B31"]
[WhiteElo "1610"]
[BlackElo "1910"]
[Annotator "NA"]
[PlyCount "56"]
[EventDate "2024.09.05"]
[EventType "team-tourn"]
[EventCountry "HUN"]
[SourceTitle "playchess.com"]
[Source "ChessBase"]
[SourceQuality "1"]
[WhiteTeam "Guam"]
[BlackTeam "Jamaica"]
[WhiteTeamCountry "GMA"]
[BlackTeamCountry "JAM"]
[TimeControl "40/5400+30:1800+30"]

1. e4 c5 2. Nf3 Nc6 3. Bb5 g6 4. Nc3 Bg7 5. O-O e5 6. a3 Nge7 7. d3 O-O 8. Be3 d6 9. Bxc6 bxc6 10. Bg5 h6 11. Bh4 f5 12. Bxe7 Qxe7 13. Nd2 fxe4 14. dxe4 Ba6 15. Re1 Qf6 16. f3 h5 17. b4 Bh6 18. Nf1 Rad8 19. Ne3 Bf4 20. Qb1 Qh4 21. Qb3+ c4 22. Nxc4 Bxh2+ 23. Kf1 d5 24. b5 cxb5 25. Ne3 b4+ 26. Ne2 Bg3 27. Kg1 Qh2+ 28. Kf1 Qh1# 0-1

[Event "45th FIDE Womens Olympiad 2024"]
[Site "Budapest"]
[Date "2024.09.12"]
[Round "2.168"]
[White "Watson, Gabriella"]
[Black "Nacario, Ruth"]
[Result "1-0"]
[ECO "B07"]
[WhiteElo "1826"]
[BlackElo "1607"]
[Annotator "NA RC"]
[PlyCount "35"]
[EventDate "2024.09.05"]
[EventType "team-tourn"]
[EventCountry "HUN"]
[SourceTitle "playchess.com"]
[Source "ChessBase"]
[SourceQuality "1"]
[WhiteTeam "Jamaica"]
[BlackTeam "Guam"]
[WhiteTeamCountry "JAM"]
[BlackTeamCountry "GMA"]
[TimeControl "40/5400+30:1800+30"]

1. d4 Nf6 2. Bf4 d6 3. Nc3 g6 4. e4 Nbd7 5. Qd2 Bg7 6. Bh6 O-O 7. O-O-O a6 8. h4 b5 9. f3 c5 10. dxc5 Nxc5 11. e5 Ne8 12. Bxg7 Kxg7 13. h5 b4 14. hxg6 Rh8 15. Qh6+ Kg8 16. gxh7+ Rxh7 17. Qxh7+ Kf8 18. Qh8# 1-0